 Dungeon Crawl Stone Soup version 0.31-a0-256-g80acddb972 (webtiles) character file.

Game seed: 4168706404701688229

270 qw the Shooter (level 6, -2/41 HPs)
             Began as a Minotaur Hexslinger on July 12, 2023.
             Was an Initiate of Okawaru.
             Slain by an orc
             ... wielding a +0 flail
              (7 damage)
             ... on level 5 of the Dungeon.
             The game lasted 00:51:08 (21308 turns).

qw the Shooter (Minotaur Hexslinger)               Turns: 21308, Time: 00:51:08

Health: -2/41      AC:  9    Str: 13    XL:     6   Next: 1%
Magic:  6/6        EV: 11    Int: 10    God:    Okawaru [......]
Gold:   138        SH:  5    Dex: 20    Spells: 6/7 levels left

rFire   + . .        Y - +1 sling
rCold   + . .        (no shield)
rNeg    . . .        c - +0 ring mail
rPois   .            (helmet restricted)
rElec   .            (no cloak)
rCorr   .            n - +2 pair of gloves
SInv    .            j - +0 pair of boots
Will    .....        l - amulet of reflection
Stlth   +            e - +6 ring of dexterity
HPRegen 0.26/turn    a - ring "Buyllin" {rF+ rC+}
MPRegen 0.10/turn

%: reflection
@: about to teleport
A: horns 2, retaliatory headbutt
a: Renounce Religion


You were on level 5 of the Dungeon.
You worshipped Okawaru.
Okawaru was noncommittal.
You visited 2 branches of the dungeon, and saw 6 of its levels.

You collected 138 gold pieces.


Innate Abilities, Weirdness & Mutations

You have a pair of horns on your head.
You reflexively headbutt those who attack you in melee.


   Skills:
 + Level 3.6 Fighting
 - Level 6.0 Ranged Weapons
 - Level 1.0 Armour
 - Level 2.1 Dodging
 - Level 1.0 Spellcasting
 - Level 2.0 Hexes


You had 6 spell levels left.
You knew the following spells:

 Your Spells              Type           Power      Damage    Failure   Level
a - Slow                  Hex            16%        N/A       32%         1

Your spell library contained the following spells:

 Spells                   Type           Power      Damage    Failure   Level
 Inner Flame              Hex/Fire       2%         N/A       82%         3
 Portal Projectile        Hex/Tloc       4%         N/A       82%         3
 Cause Fear               Hex            2%         N/A       97%         4

Inventory:

Hand Weapons
 Y - a +1 sling (weapon)
Armour
 c - a +0 ring mail (worn)
 j - a +0 pair of boots (worn)
 n - a +2 pair of gloves (worn)
Jewellery
 a - the ring "Buyllin" (right hand) {rF+ rC+}
   (You acquired it on level 1 of the Dungeon)

   [ring of protection from fire]

   rF:        It protects you from fire.
   rC:        It protects you from cold.
 e - a +6 ring of dexterity (left hand)
 l - an amulet of reflection (around neck)
Scrolls
 k - a scroll of identify
 p - a scroll of teleportation
Potions
 b - a potion of might
 d - a potion of curing
 g - a potion of cancellation
 h - a potion of enlightenment

Dungeon Overview and Level Annotations

Branches:
Dungeon (5/15)             Temple (1/1) D:4

Altars:
Ashenzari
Cheibriados
Dithmenos
Elyvilon
Fedhas
Gozag
Hepliaklqana
Kikubaaqudgha
Makhleb
Nemelex Xobeh
Okawaru
Qazlal
Ru
Sif Muna
Trog
Uskayaw
Vehumet
Wu Jian
Yredelemnul
Zin
The Shining One

Shops:
D:4 :


Message History

You are no longer poisoned.
You hear a shout!
The adder barely misses you.
The iguana bites you but does no damage.
The adder barely misses you. You furiously retaliate!
You headbutt the adder! You shoot a sling bullet.
The sling bullet hits the adder.
You kill the adder!
Okawaru accepts your kill.
An orc priest comes into view. It is wielding a +0 hand axe.
The iguana misses you. The iguana bites you.
The orc priest looks satisfied for a moment.
Your Armour skill increases to level 1!
You have reached level 6!
You shoot a sling bullet. The sling bullet hits the iguana.
The iguana is heavily wounded.
The iguana bites you!
The orc priest hits you but does no damage.
You shoot a sling bullet.
The sling bullet barely misses the iguana.
You block the iguana's attack.
An orc comes into view. It is wielding a +0 morningstar.
The orc priest closely misses you.
You shoot a sling bullet. The sling bullet hits the iguana.
The iguana is heavily wounded.
The iguana bites you. You block the orc priest's attack.
21306 ||| READING 2 scrolls of teleportation.
As you read the scroll of teleportation, it crumbles to dust.
You feel strangely unstable. The iguana completely misses you.
You furiously retaliate!
You headbutt the iguana.
The orc priest looks braver for a moment.
You shoot a sling bullet.
The sling bullet hits the iguana but does no damage.
The iguana is severely wounded.
The iguana misses you.
You shoot a sling bullet.
The sling bullet barely misses the iguana.
The iguana bites you but does no damage.
The orc priest closely misses you. You block the orc's attack.
The iguana bites you. The orc hits you with a +0 flail!
You die...

#..... #.....
######.....
####..........
#.....###..... #
#.....###..... ...###
##......##.....
......####..#<...#######
##oo@...####...##....
.....olo................
..#####....###.......#..
##..#.....##.......
.###...#.######..##...
.........# #....###..
##.#....## ##.##..##..
#....#.####..###.##..
...#.##..#...###~~~#..


You could see an iguana, 2 orc priests and 2 orcs.

Vanquished Creatures
  A jelly (D:4)
  Jessica (D:2)
  Natasha (thrice) (D:4)
  5 adders
  A shadow imp (D:5)
  2 worms (D:3)
  2 dart slugs
  3 orcs (D:4)
  6 ball pythons
  5 endoplasms
  4 giant cockroaches
  7 goblins
  7 hobgoblins
  4 quokkas
  5 bats
  4 frilled lizards
  12 kobolds
  6 rats
78 creatures vanquished.

Notes
Turn   | Place    | Note
-------+----------+-------------------------------------------
     0 | D:1      | qw the Minotaur Hexslinger began the quest for the Orb.
     0 | D:1      | Reached XP level 1. HP: 16/16 MP: 1/1
     0 | D:1      | 0 ||| qw: Version: 0.3-a-52-g30416fa
     0 | D:1      | 0 ||| qw: Game counter: 6771
     0 | D:1      | 0 ||| qw: Melee chars always use a shield: true
     0 | D:1      | 0 ||| qw: God list: Okawaru
     0 | D:1      | 0 ||| qw: Allow faded altars: false
     0 | D:1      | 0 ||| qw: Do Orc after clearing Dungeon:15 true
     0 | D:1      | 0 ||| qw: Do second Lair branch before Depths: true
     0 | D:1      | 0 ||| qw: Lair rune preference: random
     0 | D:1      | 0 ||| qw: Goals: Normal
     0 | D:1      | 0 ||| PLANNING D:1-11
   156 | D:1      | Reached skill level 3 in Ranged Weapons
   156 | D:1      | Reached XP level 2. HP: 23/23 MP: 2/2
   582 | D:1      | Reached XP level 3. HP: 29/29 MP: 3/3
   700 | D:1      | 700 ||| UPGRADING to +6 ring of dexterity.
   701 | D:1      | 701 ||| READING scroll labelled YXKIGA OPOAJIA.
   701 | D:1      | Identified a scroll of acquirement
   701 | D:1      | 701 ||| ACQUIRING ring "Buyllin" {rF+ rC+}
   701 | D:1      | Acquired the ring "Buyllin" {rF+ rC+}
   703 | D:1      | 703 ||| UPGRADING to ring "Buyllin" {rF+ rC+}.
   704 | D:1      | 704 ||| READING scroll labelled AFIZEFA EHEAR.
   708 | D:1      | 708 ||| DROPPING scroll of poison.
   767 | D:2      | Noticed Jessica
   771 | D:2      | Killed Jessica
   772 | D:2      | Reached skill level 4 in Ranged Weapons
   772 | D:2      | 772 ||| FLEEEEING.
   773 | D:2      | 773 ||| FLEEEEING.
   774 | D:2      | 774 ||| FLEEEEING.
   775 | D:2      | 775 ||| FLEEEEING.
   776 | D:2      | 776 ||| FLEEEEING.
   777 | D:2      | 777 ||| FLEEEEING.
   778 | D:2      | 778 ||| STAIRDANCE
   804 | D:1      | 804 ||| READING scroll labelled KOIRGH RUICHIY.
   807 | D:2      | 807 ||| STAIRDANCE
   813 | D:1      | Reached XP level 4. HP: 27/36 MP: 4/4
  1282 | D:2      | 1282 ||| UPGRADING to amulet of reflection.
  1287 | D:2      | 1287 ||| DROPPING +6 ring of intelligence.
  1288 | D:2      | 1288 ||| READING scroll labelled BUXUAT ECSUG.
  1289 | D:2      | 1289 ||| READING scroll labelled OSO HOPSAIWU.
  1344 | D:3      | Reached skill level 5 in Ranged Weapons
  1871 | D:3      | 1871 ||| UPGRADING to +0 leather armour.
  1881 | D:3      | 1881 ||| DROPPING +0 robe.
  1882 | D:3      | 1882 ||| DROPPING ring of magical power.
  1883 | D:3      | 1883 ||| READING 2 scrolls labelled VOSUUBBADEO.
  1884 | D:3      | 1884 ||| READING scroll labelled LIW XEM QAGIA.
  1885 | D:3      | 1885 ||| READING 3 scrolls of identify.
  1885 | D:3      | 1885 ||| IDENTIFYING sapphire potion
  1886 | D:3      | 1886 ||| READING 2 scrolls of identify.
  1886 | D:3      | 1886 ||| IDENTIFYING sedimented inky potion
  1887 | D:3      | 1887 ||| DROPPING scroll of blinking.
  1924 | D:4      | 1924 ||| PLANNING SEWER
  1983 | D:4      | HP: 9/37 [acid (6)]
  1984 | D:4      | 1984 ||| READING scroll of teleportation.
  2010 | D:4      | Reached skill level 3 in Fighting
  2129 | D:4      | Found a staircase to the Ecumenical Temple.
  2144 | D:4      | Reached XP level 5. HP: 45/45 MP: 5/5
  2168 | D:4      | Found Genol's Vocational Training.
  2206 | D:4      | Noticed Natasha
  2215 | D:4      | Killed Natasha
  2240 | D:4      | Noticed Natasha
  2241 | D:4      | 2241 ||| FLEEEEING.
  2242 | D:4      | 2242 ||| FLEEEEING.
  2243 | D:4      | 2243 ||| FLEEEEING.
  2244 | D:4      | 2244 ||| FLEEEEING.
  2245 | D:4      | 2245 ||| FLEEEEING.
  2246 | D:4      | 2246 ||| FLEEEEING.
  2247 | D:4      | 2247 ||| FLEEEEING.
  2248 | D:4      | 2248 ||| FLEEEEING.
  2252 | D:4      | Killed Natasha
  2253 | D:4      | Reached skill level 6 in Ranged Weapons
  2276 | D:4      | Noticed Natasha
  2285 | D:4      | Killed Natasha
  2452 | D:4      | Identified the +1 robe of Ru's Anger {Harm *Slow rPois
                  | Dex-2}
  2531 | D:4      | Found a glowing drain.
  2539 | D:4      | 2539 ||| UPGRADING to +0 ring mail.
  2549 | D:4      | 2549 ||| UPGRADING to +0 pair of boots.
  2554 | D:4      | 2554 ||| DROPPING +0 leather armour.
  2555 | D:4      | 2555 ||| UPGRADING to +2 pair of gloves.
  2560 | D:4      | 2560 ||| DROPPING +1 robe of Ru's Anger {Harm *Slow rPois
                  | Dex-2}.
  2561 | D:4      | 2561 ||| DRINKING 2 smoky blue potions.
  2562 | D:4      | 2562 ||| DRINKING 2 coppery potions.
  2563 | D:4      | 2563 ||| READING 3 scrolls of identify.
  2563 | D:4      | 2563 ||| IDENTIFYING bubbling red potion
  2564 | D:4      | 2564 ||| READING 2 scrolls of identify.
  2564 | D:4      | 2564 ||| IDENTIFYING murky golden potion
  2565 | D:4      | 2565 ||| DROPPING potion of magic.
  2566 | D:4      | 2566 ||| DROPPING potion of brilliance.
 19777 | D:4      | Glimpsed the power of Zot.
 20198 | D:4      | Glimpsed the power of Zot.
 20536 | D:4      | Glimpsed the power of Zot.
 20619 | D:4      | Touched by the power of Zot (MHP 46 -> 36)
 20620 | D:4      | 20620 ||| RIP SEWER
 20620 | D:4      | 20620 ||| PLANNING TEMPLE
 20620 | D:4      | Glimpsed the power of Zot.
 20640 | Temple   | Entered the Ecumenical Temple
 20652 | Temple   | 20652 ||| PLANNING OKAWARU WORSHIP
 20948 | Temple   | Became a worshipper of Warmaster Okawaru
 20949 | Temple   | 20949 ||| PLANNING D:1-11
 21227 | D:5      | Entered Level 5 of the Dungeon
 21303 | D:5      | Reached skill level 1 in Armour
 21303 | D:5      | Reached XP level 6. HP: 23/41 MP: 6/6
 21305 | D:5      | HP: 10/41 [iguana (5)]
 21306 | D:5      | 21306 ||| READING 2 scrolls of teleportation.
 21308 | D:5      | Slain by an orc

Levels and vault maps discovered:
D:1:      ncdulo_halloftheorcs, layout_basic
D:2:      layout_rooms, kennysheep_generic_room_6, uniq_jessica
D:3:      layout_basic
D:4:      layout_loops_ring, minmay_temple_entry_trees, portal_sewer_entry_f,
          nicolae_shop_vocational, uniq_natasha
D:5:      layout_rooms, serial_shops, nicolae_shop_bloodbath_and_beyond,
          minmay_holes, chequers_serial_rivers_small_b, uniq_grinder
Temple:   regret_index_temple_sigil_plot

Skill      XL: |  1  2  3  4  5 |
---------------+----------------+-----
Ranged Weapons | 3 4 5 6 |  6.0
Fighting       | 2 3 |  3.6
Armour         | 1 |  1.0
Dodging        | |  2.1
Spellcasting   | |  1.0
Hexes          | |  2.0

Action                     |  1- 3 |  4- 6 || total
---------------------------+-------+-------++-------
   Fire: Sling             |    66 |   179 ||   245
    Use: Scroll            |     3 |    10 ||    13
         Potion            |       |     2 ||     2
 Armour: Robe              |     4 |     2 ||     6
         Ring mail         |       |     8 ||     8
         Leather armour    |       |     2 ||     2
  Dodge: Dodged            |    14 |    52 ||    66
  Block: Other             |       |    18 ||    18

Table legend:
 A = Non-vault XP
 B = Vault XP
 C = Vault XP percentage of total XP
 D = Non-vault monster count
 E = Vault monster count
 F = Vault count percentage of total count
                 A         B        C        D         E       F
            +---------+---------+-------+---------+---------+-------
      Total |     303 |      84 |  21.7 |      70 |       8 |  10.3
            +---------+---------+-------+---------+---------+-------
        D:1 |      44 |       0 |   0.0 |      26 |       0 |   0.0
        D:2 |      37 |      42 |  53.2 |      15 |       4 |  21.1
        D:3 |      52 |       0 |   0.0 |      15 |       0 |   0.0
        D:4 |     146 |      42 |  22.3 |      12 |       4 |  25.0
        D:5 |      24 |       0 |   0.0 |       2 |       0 |   0.0
            +---------+---------+-------+---------+---------+-------
